AoeStats
← ✪Lucho Jaraツ

Arabia

506562580Analyzed
2v2 RM · 18d ago on Sep 14, 2026· 79m 39s· 4 players
Game mode
Random Map
Map size
Medium (4 player)
Population
200
Speed
Normal
Resources
Standard
Victory
Conquest
Starting age
Dark Age
Ending age
Imperial Age
RankedLock teamsTeams togetherTeam positionsShared explorationLock speedFull tech treeHidden civsTurbo modeCheats
Victory
Defeat
🇨🇱 Khitans · Chile
1175
+15
🇨🇱 Spanish · Chile
1096
+18
🇦🇷 Maya · Argentina
1166
-17
🇦🇷 Teutons · Argentina
1129
-16
h33posk
7:29 Loom
9:48 Feudal Age
10:22 Double-Bit Axe
13:21 Bloodlines
16:07 Scale Barding Armor
19:50 Forging
23:16 Castle Age
20:58 Horse Collar
22:41 Gold Mining
23:27 Light Cavalry
24:10 Husbandry
24:33 Bow Saw
24:25 Heavy Plow
25:42 Chain Barding Armor
27:45 Wheelbarrow
26:55 Town Watch
28:31 Iron Casting
28:28 Town Watch
31:23 Hand Cart
32:45 Stone Mining
38:54 Murder Holes
39:19 Ballistics
41:15 Stone Shaft Mining
45:23 Imperial Age
47:01 Masonry
49:16 Chemistry
48:47 Architecture
48:41 Conscription
49:05 Padded Archer Armor
48:56 Fletching
50:02 Hoardings
49:29 Cavalier
50:47 Plate Barding Armor
51:12 Blast Furnace
50:05 Hussar
57:15 Elite Skirmisher
58:00 Thumb Ring
60:16 Fortified Wall
61:01 Bodkin Arrow
61:21 Leather Archer Armor
62:07 Blast Furnace
63:12 Two-Man Saw
61:40 Paladin
74:34 Town Patrol
80:25 Fervor
✪Lucho Jaraツ
6:52 Loom
9:19 Feudal Age
10:50 Double-Bit Axe
15:40 Scale Barding Armor
16:46 Forging
21:35 Castle Age
20:11 Domestication
20:27 Gold Mining
22:20 Husbandry
23:05 Iron Casting
22:53 Chain Barding Armor
24:49 Bow Saw
31:28 Pastoralism
32:46 Fletching
34:24 Heavy Cavalry Archer
35:10 Thumb Ring
37:39 Bodkin Arrow
38:07 Ballistics
39:21 Padded Archer Armor
49:34 Leather Archer Armor
48:45 Elite Skirmisher
50:20 Wheelbarrow
56:06 Imperial Age
55:07 Hand Cart
54:39 Town Watch
58:10 Conscription
58:53 Parthian Tactics
60:38 Chemistry
61:10 Bracer
61:52 Ring Archer Armor
64:08 Transhumance
64:40 Two-Man Saw
65:06 Masonry
65:01 Siege Engineers
69:06 Plate Barding Armor
68:21 Treadmill Crane
69:33 Light Cavalry
71:04 Hussar
71:09 Elite Steppe Lancer
74:11 Ordo Cavalry
chesco torres
8:05 Loom
10:02 Feudal Age
15:08 Double-Bit Axe
24:41 Castle Age
23:26 Scale Barding Armor
24:22 Bloodlines
25:16 Forging
26:17 Horse Collar
27:49 Bow Saw
45:17 Wheelbarrow
46:58 Heavy Plow
51:44 Imperial Age
51:00 Gold Mining
52:30 Cavalier
54:38 Chain Barding Armor
55:10 Iron Casting
61:33 Paladin
71:02 Plate Barding Armor
73:08 Blast Furnace
misspa
0:25 Loom
10:13 Feudal Age
10:39 Double-Bit Axe
16:02 Fletching
22:39 Castle Age
20:50 Gold Mining
21:10 Padded Archer Armor
22:42 Forging
23:30 Bow Saw
22:42 Crossbowman
23:31 Horse Collar
23:52 Bodkin Arrow
24:06 Pikeman
25:43 Thumb Ring
27:46 Ballistics
30:12 Leather Archer Armor
29:58 Scale Mail Armor
33:35 Wheelbarrow
33:34 Arson
37:37 Stone Mining
41:29 Imperial Age
42:18 Iron Casting
42:49 Bracer
42:51 Arbalester
43:38 Squires
45:16 Ring Archer Armor
44:28 Halberdier
50:50 Chemistry
50:01 Masonry
50:09 Chain Mail Armor
57:00 Hul'che Javelineers
57:24 Conscription
58:00 Hand Cart
58:14 Caravan
57:59 Elite Skirmisher
59:47 Plate Mail Armor
72:33 Eagle Warrior
74:15 Blast Furnace
74:08 Holcans
73:36 Elite Eagle Warrior
Connection lost

Rejoining the realm…

Still unreachable

The connection could not be restored.

Session expired

The server has moved on; the page needs a fresh start.